 Dungeon Crawl Stone Soup version 0.24-a0-408-gcc1054c7ca (webtiles) character file.

Game seed: 3671455857179407608

110404 MachJacob the Covert (level 16, -7/99 HPs)
             Began as a Vampire Enchanter on June 5, 2019.
             Was the Champion of Wu Jian.
             Hit by a silver javelin thrown by a merfolk javelineer (14 damage)
             ... on level 2 of the Shoals.
             The game lasted 03:00:32 (40773 turns).

MachJacob the Covert (Vampire Enchanter)           Turns: 40773, Time: 03:00:32

Health: -7/99      AC: 14    Str: 12    XL:     16   Next: 7%
Magic:  23/23      EV: 23    Int: 24    God:    Wu Jian [******]
Gold:   2918       SH:  0    Dex: 25    Spells: 16/25 levels left

rFire    + . .     SeeInvis +   a - +4 dagger "Morg" {pain, MR+ Int+5}
rCold    + + .     Gourm    .   (no shield)
rNeg     + + +     Faith    .   V - +2 scale mail {rF+}
rPois    ∞         Spirit   .   o - +1 helmet
rElec    .         Reflect  .   T - scarf {repulsion}
rCorr    .         Harm     .   l - +1 pair of gloves
MR       +++..                  (no boots)
Stlth    ++++......             t - amulet of regeneration
HPRegen  0.00/turn              O - ring of protection from magic
MPRegen  0.18/turn              A - +5 ring of strength

@: agile, bloodless, regenerating quickly, hasted, studying Throwing, repel
missiles, quick
A: no food, fangs 3, see invisible, unbreathing
a: Bat Form, Revivify, Wall Jump, Serpent's Lash, Heavenly Storm, Renounce
Religion


You were on level 2 of the Shoals.
You worshipped Wu Jian.
Wu Jian was exalted by your worship.
You were bloodless.

You visited 6 branches of the dungeon, and saw 27 of its levels.
You also visited: Bailey and Gauntlet.

You collected 2918 gold pieces.

Inventory:

Hand Weapons
 a - the +4 dagger "Morg" (weapon) {pain, MR+ Int+5}
   (You found it on level 10 of the Dungeon)

   In the hands of one skilled in necromantic magic, it inflicts extra damage on
   living creatures.
   It affects your intelligence (+5).
   It affects your resistance to hostile enchantments.
Missiles
 c - 55 boomerangs (quivered)
 i - 69 poisoned darts
 q - 2 silver boomerangs
 r - 5 curare-tipped darts {!f}
 s - an atropa-tipped dart
 C - 3 throwing nets {!f}
Armour
 l - a +1 pair of gloves (worn)
 o - a +1 helmet (worn)
 J - a +0 shield
 T - a scarf of repulsion (worn)
 V - a +2 scale mail of fire resistance (worn)
Jewellery
 t - an amulet of regeneration (around neck)
 A - a +5 ring of strength (right hand)
 O - a ring of protection from magic (left hand)
 P - an uncursed ring of protection from magic
 Q - an uncursed ring of see invisible
 Z - an uncursed ring of fire
Wands
 x - a wand of iceblast (40)
 z - a wand of flame (50)
 D - a wand of paralysis (6)
 G - a wand of digging (18)
 M - a wand of polymorph (11)
 S - a wand of acid (3)
 U - a wand of clouds (8)
Scrolls
 k - 3 scrolls of immolation
 m - 7 scrolls of teleportation
 n - 4 scrolls of fear
 p - 11 scrolls of remove curse
 y - 5 scrolls of amnesia
 B - 3 scrolls of enchant weapon
 H - 4 scrolls of fog
 N - a scroll of magic mapping
 R - 3 scrolls of silence
 Y - 3 scrolls of enchant armour
Potions
 d - 4 potions of brilliance
 e - 4 potions of lignification
 f - a potion of haste
 h - 2 potions of resistance
 j - 6 potions of mutation
 u - 4 potions of agility
 v - 10 potions of curing
 w - 6 potions of might
 F - 4 potions of magic
 I - 3 potions of flight
 K - a potion of cancellation
 L - a potion of ambrosia
Books
 W - a manual of Throwing
   (You found it in a Gauntlet)
Miscellaneous
 b - 2 phantom mirrors


   Skills:
 + Level 10.6 Fighting
 - Level 10.0 Short Blades
 + Level 11.0 Throwing
 + Level 8.1 Armour
 - Level 12.0 Dodging
 + Level 13.6 Stealth
 + Level 11.0 Shields
 - Level 5.0 Spellcasting
 - Level 12.0 Hexes
 - Level 5.0 Translocations
 * Level 2.8 Transmutations
 - Level 3.1 Ice Magic
 * Level 2.6 Earth Magic


You had 16 spell levels left.
You knew the following spells:

 Your Spells              Type           Power        Failure   Level  Hunger
a - Passwall              Tmut/Erth      ###.....     17%         2    N/A
b - Ensorcelled Hibernat  Hex/Ice        #####.       2%          2    N/A
c - Tukima's Dance        Hex            ######..     1%          3    N/A
q - Blink                 Tloc           N/A          7%          2    N/A

Your spell library contained the following spells:

 Spells                   Type           Power        Failure   Level  Hunger
 Corona                   Hex            ######.      1%          1    N/A
 Slow                     Hex            ######..     1%          2    N/A
 Confuse                  Hex            ######..     1%          3    N/A
 Dazzling Spray           Conj/Hex       ####..       9%          3    N/A
 Inner Flame              Hex/Fire       ####....     9%          3    N/A
 Sandblast                Erth           ###...       12%         1    N/A
 Leda's Liquefaction      Hex/Erth       #####.....   17%         4    N/A
 Flame Tongue             Conj/Fire      #....        34%         1    N/A
 Magic Dart               Conj           #...         34%         1    N/A
 Call Imp                 Summ           #.......     47%         2    N/A
 Throw Flame              Conj/Fire      #.....       47%         2    N/A
 Stone Arrow              Conj/Erth      ##....       52%         3    N/A
 Conjure Flame            Conj/Fire      #.......     71%         3    N/A
 Mephitic Cloud           Conj/Pois/Air  #.......     71%         3    N/A
 Petrify                  Tmut/Erth      ###.....     75%         4    N/A
 Lee's Rapid Deconstruct  Erth           ###.......   97%         5    N/A
 Sticky Flame             Conj/Fire      #.......     98%         4    N/A
 Bolt of Magma            Conj/Fire/Erth ##........   100%        5    N/A
 Fireball                 Conj/Fire      #.........   100%        5    N/A
 Iron Shot                Conj/Erth      ##........   100%        6    N/A
 Statue Form              Tmut/Erth      ###......    100%        6    N/A
 Shatter                  Erth           ###.......   100%        9    N/A

Dungeon Overview and Level Annotations

Branches:
Dungeon (15/15)            Temple (1/1) D:5            Lair (6/6) D:8
 Shoals (2/4) Lair:3       Spider (1/4) Lair:3        Slime (0/5) Lair:6
    Orc (2/2) D:10            Elf (0/3) Orc:2        Vaults (0/5) D:14
 Depths (0/5) D:15

Altars:
Ashenzari
Cheibriados
Dithmenos
Elyvilon
Fedhas
Gozag
Hepliaklqana
Kikubaaqudgha
Makhleb
Nemelex Xobeh
Okawaru
Qazlal
Ru
Sif Muna
Trog
Uskayaw
Vehumet
Wu Jian
Xom
Yredelemnul
Zin
The Shining One
Beogh
Jiyva

Shops:
D:4 ?   D:6 [   D:11 [   Orc:2 [!*?   Shoals:1 *

Annotations:
D:2 1 transporter, Destroian's ghost, amateur DsNe; Menkaure
D:3 1 runed translucent door
D:4 1 runed translucent door, Crazy Yiuf
D:5 exclusion: statue
D:11 Rupert
D:14 Frances
D:15 exclusion: fire giant
Lair:2 Miwiyf's ghost, journeyman DDFi
Lair:3 Voseq's ghost, journeyman GrBe
Shoals:2 Ilsuiw; Nikola
Spider:1 exclusion: Roxanne, Roxanne


Innate Abilities, Weirdness & Mutations

You do not eat.
You do not regenerate when monsters are visible.
You are frail without blood (-20% HP).
You are immune to poison.
You have razor-sharp teeth.
You have supernaturally acute eyesight. (SInv)
You can survive without breathing.


Message History

You resist with almost no effort.
The merfolk siren chants a haunting song.
You easily resist.
The merfolk siren chants a haunting song.
You resist with almost no effort. The water elemental hits you!
* * * LOW HITPOINT WARNING * * *
Ilsuiw barely misses you.
The merfolk javelineer throws a silver javelin.
The silver javelin is repelled.
You hear a splash.
The merfolk siren chants a haunting song.
You resist with almost no effort.
The merfolk siren chants a haunting song.
You resist with almost no effort. The water elemental closely misses you.
The water elemental closely misses you.
The merfolk siren chants a haunting song.
You resist with almost no effort.
The merfolk javelineer throws a silver javelin.
The silver javelin pierces through you!
You die...

≈≈≈≈≈≈≈≈≈≈≈.m≈≈###
### #
.≈≈≈≈≈≈≈≈≈≈≈≈≈###
.≈≈≈≈≈≈≈≈≈≈≈m##
≈≈≈.≈≈≈≈≈≈mm##
≈≈≈≈≈≈≈≈≈≈mE#
≈≈≈≈≈≈≈≈≈≈≈≈E##
≈≈≈≈≈.≈≈≈≈≈≈≈m≈##
≈≈≈≈≈..≈≈≈≈≈(≈≈≈≈#
≈≈≈≈≈≈..≈≈≈)##.@≈≈#
≈≈≈≈≈≈..≈≈≈.###≈≈≈≈#
≈≈≈≈≈≈≈≈≈≈≈≈....≈≈##
≈≈.≈≈≈≈.†≈≈≈≈...≈##
≈≈..≈≈≈..≈≈≈≈≈≈≈.#
≈≈≈≈≈≈≈..≈≈≈≈≈≈≈≈##
≈≈≈≈≈≈≈≈(≈#.≈≈PP≈≈#
≈≈≈≈≈≈...(##(≈(P.≈≈
≈≈≈≈≈≈.≈≈≈≈)...P..≈
#######≈≈≈


You could see Ilsuiw, a merfolk javelineer, a merfolk, 2 water elementals and 2
merfolk sirens.

Vanquished Creatures
  Kirke (D:12)
  A minotaur (Gauntlet)
  Snorg (D:11)
  Josephine (D:12)
  A merfolk impaler (Shoals:2)
  A great orb of eyes (Gauntlet)
  Erolcha (D:13)
  Fannar (D:12)
  11 hydras (D:11 Lair:2 Lair:5 Lair:4 Lair:6)
  4 vault guards (D:14)
  2 centaur warriors (D:14)
  A satyr (Shoals:1)
  A two-headed ogre (D:10)
  7 death yaks (Lair:1 Lair:3)
  Urug (Lair:6)
  Sonja (D:10)
  2 unseen horrors (D:14)
  A sea snake (Shoals:1)
  A lindwurm (shapeshifter) (D:14)
  9 orc knights (Bailey D:10 Orc:2 Orc:1)
  A wizard (Gauntlet)
  2 lindwurms (Lair:6)
  3 ugly things (D:11 Gauntlet D:13)
  A deep elf mage (D:14)
  An orb spider (Lair:3)
  5 fauns (Shoals:1)
  9 manticores (Lair:3 Lair:6 D:14 Shoals:1)
  A wolf spider (Lair:3)
  A cyclops (D:14)
  3 black mambas (Lair:1 Lair:6)
  Maurice (D:10)
  26 elephants (Lair:3 Lair:2 Lair:4 Lair:5 Lair:6)
  2 merfolk sirens (Shoals:1)
  4 centaur zombies (D:11 D:14)
  A water nymph (Shoals:1)
  14 spiny frogs (Lair:1 Lair:2 Lair:3 Lair:4 Lair:5)
  3 rime drakes (Lair:2 Lair:6)
  A freezing wraith (D:14)
  2 kobold demonologists (D:13 D:14)
  8 komodo dragons (Lair:1 Lair:2 Lair:3 Lair:5 Lair:6)
  A queen bee (Lair:1)
  8 trolls (D:10 D:11 Orc:2 D:14)
  7 merfolk (Shoals:1 Shoals:2)
  3 jumping spiders (Spider:1)
  2 wind drakes (Lair:3)
  4 polar bears (Lair:2 Lair:5 Lair:6)
  11 blink frogs (D:8 Lair:1 Lair:6)
  15 dream sheep (Lair:3 Lair:4 Lair:5 Lair:6 Shoals:2)
  5 slime creatures (D:6 D:13)
  12 hippogriffs (D:8 Lair:2 Lair:3 Lair:5 Lair:6)
  3 snapping turtles (Shoals:1 Shoals:2)
  A shadow (D:14)
  36 yaks (D:9 D:8 Lair:2 Lair:4 Lair:5)
  A vampire (D:14)
  7 redbacks (Lair:3 Spider:1)
  3 tarantellas (Lair:3 Spider:1)
  6 wraiths (D:12 D:13)
  A hog (D:11)
  5 wyverns (Lair:3 D:12 D:13)
  Grum (D:11)
  4 vampire mosquitoes (D:11)
  8 basilisks (Lair:1 D:8 Lair:3 Lair:5 Lair:6)
  3 hungry ghosts (D:10 D:11 D:13)
  6 wargs (D:10 D:11 Orc:1 Orc:2)
  Duvessa (D:5)
  14 water moccasins (D:8 D:9 Lair:1 Lair:2 Lair:4)
  8 porcupines (D:8 Lair:3 Lair:4 Lair:5)
  A floating eye (Gauntlet)
  3 ice beasts (D:13)
  A swamp drake (Lair:5)
  2 black bears (D:5 D:11)
  5 ogres (D:4 D:7 Orc:1 Orc:2 D:13)
  27 orc warriors (D:5 D:7 D:8 D:9 D:10)
  An eye of draining (D:13)
  4 phantoms (D:7 D:9 D:11)
  4 sky beasts (D:9 D:10 D:12 D:13)
  14 centaurs (D:5 D:7 D:8 D:9 D:11)
  A necrophage (D:5)
  9 wolves (D:11 Lair:2 Lair:4 Lair:6)
  30 crocodiles (D:8 Lair:1 Lair:3 Lair:5 Lair:6)
  10 big kobolds (D:6 D:5 D:9 D:10 D:11)
  A wyvern zombie (D:12)
  17 bullfrogs (D:5 D:7 D:10 D:11 Lair:1)
  A gnoll sergeant (D:9)
  Dowan (D:5)
  2 scorpions (D:5 D:8)
  A wyvern skeleton (D:14)
  32 killer bees (D:9 D:10 Lair:2 Lair:1)
  2 wights (D:5 D:6)
  2 howler monkeys (D:5 D:14)
  3 electric eels (Lair:1 Lair:6)
  5 crimson imps (D:8 D:9 D:10 D:14)
  3 bullfrog zombies (D:7 D:8 D:12)
  5 jellies (D:6 D:13 D:14)
  2 centaur skeletons (D:9 D:13)
  14 orc wizards (D:6 D:7 Orc:1 Orc:2 D:12)
  5 hounds (D:5 D:7 D:9 D:10 D:13)
  7 orc priests (D:4 D:7 D:10 Orc:1 Orc:2)
  3 bullfrog skeletons (D:5 D:11 D:12)
  7 iguanas (D:6 D:7 D:10 D:11 Lair:5)
  4 worker ants (D:6 D:9 D:14)
  A killer bee zombie (D:10)
  2 hound zombies (D:7 D:11)
  A hound skeleton (D:8)
  A howler monkey zombie (D:5)
  A howler monkey skeleton (D:5)
  2 worker ant zombies (D:9 D:10)
  9 gnolls (Bailey D:7 D:9)
  23 adders (D:2 D:3 D:4 D:6 D:7)
  3 river rats (Lair:2)
  2 shadow imps (D:6 D:14)
  A white imp (Gauntlet)
  11 oozes (D:1 D:2 D:4 D:5 D:6)
  5 worms (D:2 D:3 D:5)
  2 dart slugs (D:1)
  13 leopard geckos (D:1 D:3 D:7 Lair:5)
  73 orcs (D:3 D:4 D:5 D:6 D:7)
  9 ball pythons (D:1 D:2 D:3)
  2 giant cockroaches (D:2 D:3)
  8 goblins (D:1 D:2 D:8)
  12 hobgoblins (D:1 D:2 D:3 Bailey)
  18 jackals (D:1 D:3 D:5)
  47 kobolds (D:1 D:2 D:3 D:5 D:6)
  9 quokkas (D:2 D:3 D:5 D:9 D:11)
  3 bats (D:1 D:3)
  12 frilled lizards (D:1 D:3 Lair:5)
  2 leopard gecko skeletons (D:4 D:8)
  A quokka skeleton (D:7)
  6 rats (D:1 D:2 D:3)
  A fungus (Lair:4)
823 creatures vanquished.

Vanquished Creatures (collateral kills)
  An orc warlord (D:10)
  A death knight (D:9)
  A warg (Orc:2)
  An acid dragon (D:14)
  16 orc warriors (D:10 Orc:1 Orc:2 D:13)
  3 ogres (D:7 D:10 Orc:2)
  2 wights (D:6)
  4 orc priests (D:7 D:6 D:10)
  2 orc wizards (D:8 D:13)
  12 gnolls (Bailey D:8 D:9)
  An adder (D:10)
  23 orcs (D:4 D:7 D:8 D:10 Orc:1)
  3 goblins (D:8)
  2 hobgoblins (Bailey)
  A kobold (D:10)
73 creatures vanquished.

Vanquished Creatures (others)
  A centaur skeleton (D:12)
  2 humans (D:12)
  14 dancing weapons (D:4 D:6 D:7 D:9 D:10)
  A bullfrog (D:12)
  An orc (Orc:2)
  9 demonic plants (Gauntlet)
  22 fungi (Lair:1 Lair:2 Gauntlet Lair:5 Lair:6)
  7 plants (Lair:2 Gauntlet Lair:5 Shoals:2)
  11 toadstools (D:6)
  5 withered plants (Lair:3)
73 creatures vanquished.

Grand Total: 969 creatures vanquished

Notes
Turn   | Place    | Note
-------+----------+-------------------------------------------
     0 | D:1      | MachJacob the Vampire Enchanter began the quest for the
                  | Orb.
     0 | D:1      | Reached XP level 1. HP: 13/13 MP: 3/3
   294 | D:1      | Reached XP level 2. HP: 15/15 MP: 3/5
   339 | D:1      | Learned a level 2 spell: Ensorcelled Hibernation
   948 | D:1      | Reached skill level 5 in Hexes
  1047 | D:1      | Reached XP level 3. HP: 16/19 MP: 6/6
  1223 | D:1      | Learned a level 3 spell: Tukima's Dance
  1283 | D:2      | Found a snail-covered altar of Cheibriados.
  1349 | D:2      | Found an ancient bone altar of Kikubaaqudgha.
  1351 | D:2      | Noticed Menkaure
  1353 | D:2      | Found a basalt altar of Yredelemnul.
  1372 | D:2      | Found a transporter.
  1383 | D:2      | Found a transporter.
  1478 | D:2      | Reached skill level 1 in Ice Magic
  1642 | D:2      | Reached XP level 4. HP: 18/24 MP: 1/7
  2120 | D:3      | Reached skill level 5 in Stealth
  2473 | D:3      | Reached XP level 5. HP: 17/28 MP: 5/8
  2996 | D:3      | Found an ornate altar of the Wu Jian Council.
  3002 | D:3      | Became a worshipper of the Wu Jian Council
  3023 | D:3      | Found a runed translucent door.
  3028 | D:3      | Noticed Destroian's ghost (amateur DsNe)
  4211 | D:3      | Found a runed translucent door.
  4407 | D:4      | Found a shattered altar of Ashenzari.
  4408 | D:4      | Noticed an ogre
  4440 | D:4      | Found Duhes's Magic Scroll Shop.
  4850 | D:4      | Reached XP level 6. HP: 7/32 MP: 1/10
  5309 | D:4      | Found a runed translucent door.
  5310 | D:4      | Noticed Crazy Yiuf
  5465 | D:5      | Entered Level 5 of the Dungeon
  5619 | D:5      | Found a radiant altar of Vehumet.
  5619 | D:5      | Reached skill level 6 in Stealth
  5644 | D:5      | Reached XP level 7. HP: 36/36 MP: 11/11
  5662 | D:5      | Reached * piety under Wu Jian
  5691 | D:5      | Found a staircase to the Ecumenical Temple.
  5736 | Temple   | Entered the Ecumenical Temple
  5781 | D:5      | Noticed Duvessa
  5798 | D:5      | Killed Duvessa
  5798 | D:5      | Reached skill level 5 in Short Blades
  5810 | D:5      | Noticed Dowan
  5844 | D:5      | Killed Dowan
  6250 | D:5      | Reached skill level 1 in Armour
  6417 | D:6      | Reached XP level 8. HP: 39/41 MP: 8/14
  6933 | D:6      | Found a shimmering altar of Xom.
  7009 | D:6      | Noticed a slime creature
  7035 | D:6      | Killed a slime creature
  7035 | D:6      | Reached skill level 7 in Stealth
  7047 | D:6      | Reached ** piety under Wu Jian
  7239 | D:6      | Found a sparkling altar of Nemelex Xobeh.
  7895 | D:6      | Found a stormy altar of Qazlal.
  7897 | D:6      | Found Bod Duve's Armour Boutique.
  7899 | D:6      | Found a deep blue altar of Sif Muna.
  8024 | D:5      | Reached XP level 9. HP: 45/45 MP: 13/16
  8093 | D:6      | Found a blossoming altar of Fedhas.
  8882 | D:6      | Reached skill level 5 in Spellcasting
  8953 | D:7      | Reached skill level 8 in Stealth
  9789 | D:8      | Found a flagged portal.
  9796 | D:8      | Reached *** piety under Wu Jian
  9805 | Bailey   | Entered a bailey
 10118 | Bailey   | Noticed an orc knight
 10130 | Bailey   | Killed an orc knight
 10130 | Bailey   | Reached skill level 9 in Stealth
 10130 | Bailey   | Reached skill level 10 in Hexes
 10478 | D:8      | Reached **** piety under Wu Jian
 10478 | D:8      | Reached XP level 10. HP: 50/50 MP: 14/17
 10498 | D:8      | Found a staircase to the Lair.
 11603 | D:9      | Reached skill level 10 in Stealth
 11675 | D:9      | Reached skill level 10 in Short Blades
 11733 | D:9      | Noticed a death knight
 12456 | D:9      | Reached skill level 11 in Stealth
 12777 | D:9      | Found a burning altar of Makhleb.
 12911 | D:9      | Reached skill level 12 in Stealth
 13090 | D:10     | Entered Level 10 of the Dungeon
 13095 | D:10     | Reached skill level 1 in Fighting
 13122 | D:10     | Reached XP level 11. HP: 68/68 MP: 18/18
 13308 | D:10     | Found the +4 dagger "Morg" {pain, MR+ Int+5}
 13424 | D:10     | Noticed Sonja
 13449 | D:10     | Killed Sonja
 13449 | D:10     | Reached skill level 1 in Shields
 13520 | D:10     | Noticed an orc knight
 13536 | D:10     | Killed an orc knight
 13536 | D:10     | Reached ***** piety under Wu Jian
 14092 | D:10     | Found a staircase to the Orcish Mines.
 14093 | D:10     | Found a roughly hewn altar of Beogh.
 14194 | D:10     | Noticed a two-headed ogre
 14239 | D:10     | Killed a two-headed ogre
 14430 | D:10     | Noticed Maurice
 14674 | D:10     | Reached XP level 12. HP: 75/75 MP: 19/19
 14944 | D:10     | Killed Maurice
 15057 | D:10     | Found a roughly hewn altar of Beogh.
 15057 | D:10     | Found a staircase to the Orcish Mines.
 15440 | D:11     | Found a glowing silver altar of Zin.
 15648 | D:11     | Reached skill level 5 in Dodging
 15688 | D:11     | Found Golyoleo's Armour Shop.
 15781 | D:11     | Noticed Snorg
 15787 | D:11     | Killed Snorg
 15994 | D:11     | Noticed a four-headed hydra
 16000 | D:11     | Killed a four-headed hydra
 16034 | D:11     | Noticed Grum
 16089 | D:11     | Killed Grum
 16394 | Lair:1   | Entered Level 1 of the Lair of Beasts
 16840 | D:8      | Reached skill level 5 in Armour
 17262 | Lair:1   | Noticed a death yak
 17262 | Lair:1   | Noticed a death yak
 17270 | Lair:1   | Noticed a death yak
 17270 | Lair:1   | Noticed a death yak
 17271 | Lair:1   | Killed a death yak
 18537 | Lair:2   | Noticed an eight-headed hydra
 18538 | Lair:2   | Reached skill level 5 in Shields
 18625 | Lair:2   | Killed an eight-headed hydra
 18662 | Lair:2   | Learned a level 2 spell: Blink
 18760 | Lair:2   | Reached skill level 1 in Translocations
 18967 | Lair:2   | Noticed an eight-headed hydra
 19141 | Lair:2   | Reached XP level 13. HP: 82/82 MP: 14/20
 19768 | Lair:2   | Reached skill level 10 in Fighting
 19958 | Lair:3   | Found a runed translucent gate.
 19958 | Lair:3   | Found a runed translucent gate.
 19958 | Lair:3   | Found a runed translucent gate.
 19958 | Lair:3   | Noticed Miwiyf's ghost (journeyman DDFi)
 19959 | Lair:3   | Noticed Voseq's ghost (journeyman GrBe)
 20359 | Lair:3   | Found a hole to the Spider Nest.
 20584 | Lair:3   | Found a staircase to the Shoals.
 21212 | Lair:4   | Found a gate leading to a gauntlet.
 21221 | Gauntlet | Entered a Gauntlet
 21221 | Gauntlet | Found a transporter.
 21230 | Gauntlet | Found a transporter.
 21245 | Gauntlet | Found a transporter.
 21250 | Gauntlet | Found a transporter.
 21265 | Gauntlet | Found a transporter.
 21284 | Gauntlet | Found a transporter.
 21296 | Gauntlet | Found a transporter.
 21308 | Gauntlet | Found a transporter.
 21320 | Gauntlet | Found a transporter.
 21331 | Gauntlet | Found the cursed necklace of Bloodlust {*Rage +Rage MR++
                  | Int-3 Slay+6 *Curse}
 21332 | Gauntlet | Found a transporter.
 21338 | Gauntlet | Found a transporter.
 21338 | Gauntlet | Found a transporter.
 21377 | Gauntlet | Found a transporter.
 21403 | Gauntlet | Found a transporter.
 21405 | Gauntlet | Found a transporter.
 21425 | Gauntlet | Found a transporter.
 21503 | Gauntlet | Found a transporter.
 21523 | Gauntlet | Found a transporter.
 21969 | Gauntlet | Got a pair of distressingly furry gloves
 22002 | Gauntlet | Noticed a minotaur
 22357 | Gauntlet | Killed a minotaur
 22357 | Gauntlet | Reached skill level 1 in Throwing
 22883 | Lair:4   | Identified the +1 pair of gloves "Ajot" {*Contam rC- Regen+
                  | Str+7} (You found it in a Gauntlet)
 22988 | Lair:4   | Reached skill level 10 in Dodging
 24306 | Lair:3   | Reached skill level 5 in Throwing
 24531 | Lair:3   | Reached XP level 14. HP: 50/99 MP: 10/21
 24931 | Lair:5   | Found an ancient bone altar of Kikubaaqudgha.
 26728 | Lair:6   | Entered Level 6 of the Lair of Beasts
 27094 | Lair:5   | Reached ****** piety under Wu Jian
 27990 | Lair:6   | Found a staircase to the Slime Pits.
 27990 | Lair:6   | Found a viscous altar of Jiyva.
 28574 | Lair:6   | Noticed Urug
 28583 | Lair:6   | Killed Urug
 29501 | Lair:6   | Reached skill level 10 in Shields
 30117 | Orc:1    | Entered Level 1 of the Orcish Mines
 30136 | Orc:1    | Noticed an orc warlord
 30339 | D:10     | Killed an orc warlord
 31205 | Orc:2    | Entered Level 2 of the Orcish Mines
 31484 | Orc:2    | Reached XP level 15. HP: 97/115 MP: 5/22
 31988 | Orc:2    | Found a staircase to the Elven Halls.
 32340 | Orc:2    | Found Pifojol's Assorted Antiques.
 32650 | Orc:2    | Found Zuidiunt's Magic Scroll Shop.
 32803 | Orc:2    | Found a roughly hewn altar of Beogh.
 32811 | Orc:2    | Found Laeghu's Antique Armour Emporium.
 32811 | Orc:2    | Found Mevouss's Distillery.
 32890 | Orc:2    | Found a roughly hewn altar of Beogh.
 33755 | D:11     | Reached skill level 10 in Throwing
 33810 | D:12     | Noticed Rupert
 33835 | D:12     | Noticed Kirke
 34634 | D:12     | Killed Kirke
 34707 | D:12     | Noticed Fannar
 34834 | D:12     | Noticed Josephine
 34940 | D:12     | Killed Josephine
 35190 | D:12     | Killed Fannar
 35923 | D:13     | Noticed Erolcha
 35928 | D:13     | Killed Erolcha
 36400 | D:13     | HP: 1/92 [rakshasa (illusionary)/orb of energy (20)]
 36866 | D:14     | Noticed Frances
 37151 | D:14     | Reached skill level 13 in Stealth
 37320 | D:14     | Found a gate to the Vaults.
 37363 | D:14     | Identified the +1 ring mail "Upneq" {*Contam +Fly Regen+
                  | Str+4} (You found it on level 14 of the Dungeon)
 37727 | D:14     | Reached skill level 5 in Translocations
 38130 | D:15     | Entered Level 15 of the Dungeon
 38140 | D:15     | Found a staircase to the Depths.
 38140 | D:15     | Noticed a fire giant
 38487 | Lair:3   | Learned a level 2 spell: Passwall
 38555 | Spider:1 | Entered Level 1 of the Spider Nest
 38973 | Spider:1 | Noticed Roxanne
 39268 | Shoals:1 | Entered Level 1 of the Shoals
 39362 | Shoals:1 | Reached skill level 1 in Transmutations
 39393 | Shoals:1 | Reached skill level 1 in Earth Magic
 39482 | Shoals:1 | Found Veafag's Mass Market.
 39769 | Shoals:1 | HP: 2/93 [manticore/volley of spikes (13)]
 40061 | Shoals:1 | Reached XP level 16. HP: 99/99 MP: 18/23
 40520 | Shoals:2 | Noticed Ilsuiw
 40520 | Shoals:2 | Noticed Nikola
 40773 | Shoals:2 | Hit by a silver javelin thrown by a merfolk javelineer

Levels and vault maps discovered:
D:1:      co_arrival_hexagon_in_a_hexagon, layout_rooms
D:2:      layout_loops_ring, gammafunk_temple_of_torment, old_standard_altar
D:3:      layout_basic, old_standard_altar, ebering_ghost_sewer_f, first_ration,
          minmay_snake_closets
D:4:      layout_rooms, serial_shops, shop, evilmike_ruin_ashenzari,
          uniq_crazy_yiuf_cottage
D:5:      layout_loops_cross, vehumet_statue, minmay_temple_entry_large_hall,
          minmay_chambers_of_fives, uniq_menkaure, uniq_duvessa
D:6:      cheibrodos_fertilizer, layout_rooms, lemuel_coloured_pillars_altar,
          gammafunk_temple_overflow_forgotten, lemuel_doored_altar,
          serial_shops, shop
D:7:      layout_basic, grunt_ogre_cave
D:8:      layout_gridville, grunt_lair_entry_orc_guard_hut, enter_bailey_3,
          chequers_decorated_corner, st_stairs_4
D:9:      minmay_distorted_concentric_squares, layout_irregular_city,
          kennysheep_mini
D:10:     layout_irregular_city, david_orc_5, uniq_sonja, uniq_maurice
D:11:     layout_basic, basic_altar, serial_shops, shop, uniq_grum, uniq_snorg
D:12:     layout_cave_pools, uniq_rupert, uniq_fannar, uniq_kirke,
          uniq_josephine
D:13:     layout_roguey, uniq_erolcha
D:14:     kennysheep_blocky_room, layout_basic,
          lightli_vaults_fourway_checkpoint, uniq_frances
D:15:     grunt_enter_depths_giant_problem, layout_cave_pools,
          ebering_ghost_funeral_grove
Temple:   minmay_freezing_vapour_temple
Lair:1:   layout_long_grid, grunt_megastairs_1, serial_bayou_shore_a
Lair:2:   regret_index_tunnel_blossom, layout_cave_pods
Lair:3:   layout_roguey, minmay_shoals_entry_beasts,
          nicolae_spider_entry_orb_guardian, gammafunk_ghost_cemetery
Lair:4:   layout_cave_pods, gauntlet_entry_generic,
          eino_small_chamber_without_monster, chequers_serial_rivers_micro_a,
          lemuel_fruit_tree
Lair:5:   lemuel_reptile_caves, layout_regular_city, basic_altar,
          infiniplex_staircase_pool_2
Lair:6:   hangedman_lair_in_review, layout_cave_shapes, slime_altar_1,
          chequers_serial_rivers_micro_d, gammafunk_lair_bear_cave, uniq_urug
Shoals:1: layout_shoals, minmay_shop_mass
Shoals:2: cheibrodos_shoals_gigantism, layout_shoals, uniq_ilsuiw, uniq_nikola
Spider:1: layout_spider_delve, uniq_roxanne
Orc:1:    layout_caves
Orc:2:    st_orc_town, layout_caves, basic_altar

Skill      XL: |  1  2  3  4  5  6  7  8  9 10 11 12 13 14 15 16 |
---------------+-------------------------------------------------+-----
Hexes          | 5 6 8 10 12 | 12.0
Ice Magic      | 1 2 3 |  3.1
Short Blades   | 2 4 6 7 9 10 | 10.0
Stealth        | 5 6 7 9 12 13 | 13.6
Dodging        | 3 4 7 10 12 | 12.0
Spellcasting   | 3 4 5 |  5.0
Armour         | 1 3 5 6 8 |  8.1
Fighting       | 8 9 10 | 10.6
Shields        | 2 5 8 10 11 | 11.0
Translocations | 1 3 5 |  5.0
Throwing       | 5 9 10 11 | 11.0
Transmutations | 2 |  2.8
Earth Magic    | 2 |  2.6

Action                   |  1- 3 |  4- 6 |  7- 9 | 10-12 | 13-15 | 16-18 || total
-------------------------+-------+-------+-------+-------+-------+-------++-------
Melee: Dagger            |   129 |   252 |   625 |  1032 |  3209 |    27 ||  5274
       Bite              |    11 |    15 |    78 |   136 |   503 |     2 ||   745
       Staff             |       |       |       |       |    22 |       ||    22
Throw: Stone             |     1 |       |       |     1 |       |       ||     2
       Dart              |       |       |       |       |    88 |       ||    88
       Boomerang         |       |       |       |       |    11 |    11 ||    22
 Cast: Corona            |     8 |     1 |       |       |       |       ||     9
       Ensorcelled Hiber |     6 |    25 |    45 |   141 |   456 |    13 ||   686
       Tukima's Dance    |       |     6 |    33 |    33 |    78 |       ||   150
       Blink             |       |       |       |     3 |    47 |       ||    50
Invok: Lunge             |       |    20 |    70 |   103 |   192 |     6 ||   391
       Whirlwind         |       |       |    40 |   117 |   191 |     6 ||   354
       Serpent's Lash    |       |       |       |     3 |     6 |       ||     9
 Abil: Exsanguinate      |     1 |       |       |     2 |     6 |       ||     9
       Wall Jump         |       |       |     1 |     1 |       |       ||     2
       Revivify          |       |       |       |     2 |     6 |       ||     8
Evoke: Wand              |       |       |       |     9 |    14 |       ||    23
  Use: Scroll            |     3 |     9 |     5 |     6 |     9 |       ||    32
       Potion            |       |       |       |     2 |     7 |     5 ||    14
 Stab: Sleeping          |     9 |    37 |    43 |    80 |   282 |     7 ||   458
       Distracted        |       |       |     6 |     8 |    10 |       ||    24
Armor: Robe              |    21 |    64 |    11 |       |       |       ||    96
       Leather armour    |       |       |    99 |    27 |       |       ||   126
       Troll leather arm |       |       |       |   106 |   257 |       ||   363
       Scale mail        |       |       |       |       |   218 |    14 ||   232
Dodge: Dodged            |    83 |   141 |   303 |   520 |  1789 |    31 ||  2867
       Deflected         |       |       |       |       |    25 |    10 ||    35

Table legend:
 A = Non-vault XP
 B = Vault XP
 C = Vault XP percentage of total XP
 D = Non-vault monster count
 E = Vault monster count
 F = Vault count percentage of total count
                 A         B        C        D         E       F
            +---------+---------+-------+---------+---------+-------
      Total |   98979 |   49547 |  33.4 |     586 |     309 |  34.5
            +---------+---------+-------+---------+---------+-------
        D:1 |      49 |       0 |   0.0 |      23 |       0 |   0.0
        D:2 |      86 |       0 |   0.0 |      18 |       0 |   0.0
        D:3 |      77 |     131 |  63.0 |      26 |      16 |  38.1
        D:4 |     201 |       0 |   0.0 |       9 |       0 |   0.0
        D:5 |     856 |     605 |  41.4 |      25 |      12 |  32.4
        D:6 |     500 |     473 |  48.6 |      18 |      12 |  40.0
        D:7 |    1036 |     121 |  10.5 |      30 |       1 |   3.2
        D:8 |    2802 |    1075 |  27.7 |      25 |      12 |  32.4
        D:9 |    1815 |    1146 |  38.7 |      23 |       9 |  28.1
       D:10 |    4838 |    2009 |  29.3 |      41 |      23 |  35.9
       D:11 |    4591 |    1712 |  27.2 |      32 |       5 |  13.5
       D:12 |    1412 |    4908 |  77.7 |      17 |       8 |  32.0
       D:13 |    6426 |    1007 |  13.5 |      33 |       1 |   2.9
       D:14 |    6643 |    8150 |  55.1 |      33 |      18 |  35.3
       D:15 |     107 |       0 |   0.0 |       1 |       0 |   0.0
     Lair:1 |    3848 |     838 |  17.9 |      15 |       6 |  28.6
     Lair:2 |    4337 |    4259 |  49.5 |      10 |      38 |  79.2
     Lair:3 |   16181 |    1335 |   7.6 |      39 |       3 |   7.1
     Lair:4 |    6853 |       0 |   0.0 |      28 |       0 |   0.0
     Lair:5 |   12539 |    1903 |  13.2 |      37 |      33 |  47.1
     Lair:6 |    7019 |    8187 |  53.8 |      29 |      20 |  40.8
   Shoals:1 |   10569 |       0 |   0.0 |      25 |       0 |   0.0
   Shoals:2 |    1860 |     293 |  13.6 |       4 |       1 |  20.0
   Spider:1 |    2432 |       0 |   0.0 |      10 |       0 |   0.0
      Orc:1 |     625 |    1086 |  63.5 |      15 |       7 |  31.8
      Orc:2 |    1277 |    5833 |  82.0 |      20 |      44 |  68.8
     Bailey |       0 |     812 | 100.0 |       0 |      34 | 100.0
   Gauntlet |       0 |    3664 | 100.0 |       0 |       6 | 100.0
            +---------+---------+-------+---------+---------+-------
